 Dungeon Crawl Stone Soup version 0.24.0-37-gcf1ca852f1 (webtiles) character file.

Game seed: 1054669514841814013, levelgen mode: deterministic

198 Gruesph the Poker (level 5, -2/42 HPs)
             Began as a Merfolk Skald on Nov 27, 2019.
             Was a Follower of Fedhas.
             Slain by Grinder (3 damage)
             ... while paralysed by Grinder
             ... on level 3 of the Dungeon.
             The game lasted 00:22:01 (3661 turns).

Gruesph the Poker (Merfolk Skald)                   Turns: 3661, Time: 00:22:02

Health: -2/42      AC:  5    Str: 12    XL:     5   Next: 76%
Magic:  2/8        EV:  2    Int: 12    God:    Fedhas [*.....]
Gold:   124        SH:  0    Dex: 14    Spells: 5/8 levels left

rFire    . . .     SeeInvis .   a - +0 trident
rCold    . . .     Gourm    .   (no shield)
rNeg     . . .     Faith    .   l - +0 ring mail
rPois    .         Spirit   .   (no helmet)
rElec    .         Reflect  .   (no cloak)
rCorr    .         Harm     .   (no gloves)
MR       .....                  (no boots)
Stlth    +.........             (no amulet)
HPRegen  0.14/turn              (no ring)
MPRegen  0.11/turn              (no ring)

@: paralysed, infused, berserk cooldown, slowed
A: change form in water, swift swim, stealthy swim
a: Renounce Religion


You were on level 3 of the Dungeon.
You worshipped Fedhas.
Fedhas was aware of your devotion.
You were hungry.

You visited 1 branch of the dungeon, and saw 3 of its levels.

You collected 124 gold pieces.

Inventory:

Hand Weapons
 a - a +0 trident (weapon)
 o - a +2 dagger of freezing
Missiles
 c - 40 sling bullets
 d - 124 stones (quivered)
 h - 9 poisoned darts
Armour
 l - a +0 ring mail (worn)
Jewellery
 k - an uncursed ring of see invisible {unknown}
 u - an uncursed ring of stealth {unknown}
Scrolls
 b - a scroll of identify {unknown}
 e - a scroll of noise {unknown}
 g - 3 scrolls of amnesia {unknown}
 m - a scroll of teleportation {unknown}
 r - a scroll of magic mapping {unknown}
 s - a scroll of enchant armour {unknown}
Potions
 j - a potion of mutation {unknown}
 n - a potion of flight {unknown}
 q - a potion of heal wounds {unknown}
Comestibles
 f - 3 rations


   Skills:
 + Level 3.8 Fighting
 * Level 6.9 Polearms
 - Level 0.6 Armour
 - Level 2.6 Dodging
 - Level 2.0 Spellcasting
 + Level 3.6 Charms


You had 5 spell levels left.
You knew the following spells:

 Your Spells              Type           Power        Failure   Level  Hunger
a - Infusion              Chrm           #...         14%         1    ##.....
b - Shroud of Golubria    Chrm/Tloc      #.....       41%         2    ###....

Your spell library contained the following spells:

 Spells                   Type           Power        Failure   Level  Hunger
 Song of Slaying          Chrm           #.......     22%         2    ###....
 Regeneration             Chrm/Necr      #.........   65%         3    ####...
 Spectral Weapon          Hex/Chrm       #.......     65%         3    ####...


Dungeon Overview and Level Annotations

Branches:
Dungeon (3/15)

Altars:
Fedhas
Trog
The Shining One

Annotations:
D:2 1 runed translucent door, Crazy Yiuf
D:3 Grinder


Message History

* * * LOW HITPOINT WARNING * * *
Grinder blinks!
You can move again.
It was a potion of berserk rage.
A red film seems to cover your vision as you go berserk!
You feel yourself moving faster!
You feel mighty!
You feel a strong urge to attack something.
Grinder blinks!
You feel your anger nearly subside. Grinder gestures at you.
You suddenly lose the ability to move!
Grinder hits you.
* * * LOW HITPOINT WARNING * * *
You writhe in agony.
* * * LOW HITPOINT WARNING * * *
You are no longer berserk.
You pass out from exhaustion.
You feel yourself slow down. Grinder hits you.
You die...
Fedhas appreciates your contribution to the ecosystem.

.. ..# #### #.##.# ...#########
#....# ..#^......# .$..5.
.........# . #. ..# ........#
(.## #. #.# #.......# ...(.#?
#.# ######### #..# #.....##)#
#.......# #..# .
#....(...####..@....####..####..
#.............5.................
#....########.......####.#..###.
#.... ######### #.#...##. ####
#.#.)#.#. #.##)##.. ####.###.
##### #..##. #...# #..##.


You could see Grinder.

Vanquished Creatures
  An orc wizard (D:3)
  A hound skeleton (D:3)
  5 adders
  3 oozes
  2 worms (D:3)
  A dart slug (D:1)
  3 leopard geckos
  9 orcs (D:3)
  2 ball pythons (D:3)
  10 bats
  2 giant cockroaches
  6 goblins
  5 hobgoblins
  7 jackals (D:3)
  2 quokkas (D:2)
  4 frilled lizards
  6 kobolds
  10 rats
79 creatures vanquished.

Notes
Turn   | Place    | Note
-------+----------+-------------------------------------------
     0 | D:1      | Gruesph the Merfolk Skald began the quest for the Orb.
     0 | D:1      | Reached XP level 1. HP: 16/16 MP: 3/3
   130 | D:1      | Reached XP level 2. HP: 13/23 MP: 5/5
   489 | D:1      | Reached skill level 4 in Polearms
   634 | D:1      | Reached XP level 3. HP: 28/28 MP: 6/6
  1101 | D:2      | Noticed a phantom
  1577 | D:2      | Found a glowing golden altar of the Shining One.
  1614 | D:2      | Reached skill level 5 in Polearms
  1715 | D:2      | Found a bloodstained altar of Trog.
  1766 | D:2      | Reached XP level 4. HP: 35/35 MP: 7/7
  2202 | D:2      | Found a blossoming altar of Fedhas.
  2262 | D:2      | Found a runed translucent door.
  2263 | D:2      | Noticed Crazy Yiuf
  2511 | D:2      | Became a worshipper of Fedhas Madash
  2771 | D:3      | Reached skill level 6 in Polearms
  3197 | D:3      | Reached XP level 5. HP: 40/41 MP: 8/8
  3211 | D:3      | Learned a level 2 spell: Shroud of Golubria
  3579 | D:3      | Noticed Grinder
  3597 | D:3      | Reached * piety under Fedhas
  3619 | D:3      | Paralysed by Grinder for 6 turns
  3650 | D:3      | Paralysed by Grinder for 5 turns
  3652 | D:3      | HP: 2/42 [Grinder (8)]
  3658 | D:3      | Paralysed by Grinder for 7 turns
  3660 | D:3      | HP: 3/63 [Grinder (2)]
  3660 | D:3      | HP: 1/63 [Grinder (2)]
  3661 | D:3      | Slain by Grinder

Levels and vault maps discovered:
D:1:      evilmike_arrival_crescent, layout_basic
D:2:      layout_basic, old_standard_altar, bloody_trog,
          nicolae_overflow_crystal_walls, uniq_crazy_yiuf_cottage
D:3:      layout_basic, uniq_grinder

Skill      XL: |  1  2  3  4 |
---------------+-------------+-----
Polearms       | 4 5 6 |  6.9
Fighting       | 3 |  3.8
Armour         | |  0.6
Dodging        | |  2.6
Spellcasting   | |  2.0
Charms         | |  3.6

Action                   |  1- 3 |  4- 6 || total
-------------------------+-------+-------++-------
Melee: Spear             |   156 |    97 ||   253
       Trident           |       |   105 ||   105
Throw: Stone             |    19 |    12 ||    31
       Dart              |    19 |     4 ||    23
 Cast: Infusion          |     2 |    11 ||    13
  Use: Potion            |       |     1 ||     1
 Stab: Sleeping          |     1 |       ||     1
  Eat: Chunk             |     3 |     6 ||     9
Armor: Leather armour    |    21 |       ||    21
       Ring mail         |     3 |    45 ||    48
Dodge: Dodged            |    66 |    82 ||   148
